 Dungeon Crawl Stone Soup version 0.18.1-50-g88ac8fd (webtiles) character file.

103 Nordron the Insei (level 4, -6/39 HPs)
             Began as a Naga Transmuter on Sept 29, 2016.
             Was a Follower of Cheibriados.
             Mangled by Terence
             ... wielding a +0 mace
              (8 damage)
             ... on level 3 of the Dungeon.
             The game lasted 00:12:52 (3016 turns).

Nordron the Insei (Naga Transmuter)                 Turns: 3016, Time: 00:12:53

Health: -6/39      AC:  3    Str: 15    XL:     4   Next: 79%
Magic:  5/7        EV: 10    Int: 17    God:    Cheibriados [*.....]
Gold:   96         SH:  0    Dex: 15    Spells: 2 memorised, 3 levels left

rFire  + . .     SeeInvis +       - Unarmed
rCold  . . .     Gourm    .     b - +0 robe
rNeg   . . .     Faith    .     (no shield)
rPois  +         Spirit   .     (no helmet)
rElec  .         Dismiss  .     (no cloak)
rCorr  .         Reflect  .     u - +0 pair of gloves
SustAt .         Harm     .     (no barding)
MR     .....     Rnd*Tele +     (no amulet)
Stlth  +.........               q - ring of protection from fire
                                k - ring of teleportation (curse)

@: appendage (expiring), very slow, not resistant to hostile enchantments, very
unstealthy
A: horns 2, see invisible, deformed body, poison resistance, slowness 2, slow
metabolism 1, spit poison 2, AC +1
a: Spit Poison, End Transformation, Bend Time, Renounce Religion


You were on level 3 of the Dungeon.
You worshipped Cheibriados.
Cheibriados was aware of your devotion.
You were not hungry.
You had grown temporary horns.
You visited 1 branch of the dungeon, and saw 3 of its levels.

You collected 96 gold pieces.

Inventory:

Hand Weapons
 t - a +0 mace of pain
Missiles
 a - 48 arrows
Armour
 b - a +0 robe (worn)
 u - a +0 pair of gloves (worn)
Jewellery
 k - a cursed ring of teleportation (left hand)
 q - a ring of protection from fire (right hand)
Scrolls
 g - 7 scrolls of identify {unknown}
 i - a scroll of teleportation {unknown}
 l - 2 scrolls of remove curse {unknown}
 r - a scroll of magic mapping {unknown}
Potions
 e - a potion of cancellation {unknown}
 f - 2 potions of agility {unknown}
 n - a potion of ambrosia {unknown}
 o - 3 potions of curing {unknown}
 p - a potion of degeneration {unknown}
 s - a potion of brilliance {unknown}
Books
 c - a book of Changes

   Spells                             Type                      Level
   a - Beastly Appendage              Transmutation                1
   b - Sticks to Snakes               Transmutation                2
   c - Spider Form                    Transmutation/Poison         3
   d - Ice Form                       Ice/Transmutation            4
   e - Blade Hands                    Transmutation                5
Comestibles
 d - 3 bread rations
 h - 3 meat rations
 j - a slice of pizza
 m - a fruit


   Skills:
 + Level 1.8 Fighting
 + Level 1.1 Armour
 + Level 2.0 Dodging
 * Level 3.8 Unarmed Combat
 + Level 2.3 Spellcasting
 * Level 2.4 Transmutations


You had 3 spell levels left.
You knew the following spells:

 Your Spells              Type           Power        Failure   Level  Hunger
a - Beastly Appendage     Trmt           ##....       10%         1    #......
b - Spider Form           Trmt/Pois      #.........   38%         3    ###....


Dungeon Overview and Level Annotations

Branches:
Dungeon (3/15)

Altars:
Cheibriados
Elyvilon
Pakellas

Annotations:
D:3 Terence


Innate Abilities, Weirdness & Mutations

You cannot wear boots.
Your serpentine skin is tough (AC +1).
You have supernaturally acute eyesight.
Armour fits poorly on your strangely shaped body.
Your system is resistant to poisons.
You cover ground very slowly.
You have a slow metabolism.
You can spit poison.
You have a pair of horns on your head.


Message History

You are too injured to fight recklessly!
You are too injured to fight recklessly!
You hit Terence but do no damage.
Terence is almost dead.
Terence hits you but does no damage.
You hit Terence but do no damage.
Terence is almost dead.
You completely miss Terence.
Terence is almost dead.
Terence hits you with a mace.
* * * LOW HITPOINT WARNING * * *
Press: ? - help, v - describe, . - travel The floor, spattered with blood.
You hit Terence but do no damage. You headbutt Terence, but do no damage.
Terence is almost dead.
Terence closely misses you.
You hit Terence but do no damage.
Terence is almost dead.
Terence hits you with a mace!
You die...

.## ###....#######
..# # ..<##......#
..###..
#..#..##...#
.......
..##.###...#
####...... #.##.#
##### ####
#.....##.## #.#..#
####...
..)........
#.#.########......
........##.
#@#.##.........###
..).....#
#@#.).........##
........#
#...)#........#
........#
#....##........#
.......=#
#.#####........#
........# ...
##########
........# #..# ###


You could see Terence.

Vanquished Creatures
  3 adders
  An ooze (D:2)
  A worm (D:2)
  2 dart slugs
  2 giant geckos (D:2)
  4 orcs (D:3)
  A ball python (D:3)
  2 giant cockroaches
  8 goblins
  4 hobgoblins (D:1)
  5 kobolds
  2 quokkas
  13 bats
  3 giant newts
  7 rats
  A plant (D:1)
59 creatures vanquished.

Notes
Turn   | Place    | Note
--------------------------------------------------------------
     0 | D:1      | Nordron the Naga Transmuter began the quest for the Orb.
     0 | D:1      | Reached XP level 1. HP: 18/18 MP: 3/3
   575 | D:1      | Reached XP level 2. HP: 24/25 MP: 1/5
  1717 | D:2      | Reached XP level 3. HP: 27/31 MP: 4/6
  1771 | D:2      | Learned a level 3 spell: Spider Form
  1981 | D:2      | Found an oddly glowing altar of Pakellas.
  1983 | D:2      | Found a snail-covered altar of Cheibriados.
  1983 | D:2      | Found a white marble altar of Elyvilon.
  1995 | D:2      | Became a worshipper of Cheibriados the Contemplative
  2179 | D:2      | Found a faded altar to an unknown god.
  2225 | D:2      | Reached XP level 4. HP: 24/38 MP: 5/7
  2490 | D:2      | Reached skill level 1 in Armour
  2759 | D:3      | Reached * piety under Cheibriados
  2976 | D:3      | Noticed Terence
  3016 | D:3      | Mangled by Terence

Skill      XL: |  1  2  3  4 |
---------------+-------------+-----
Armour         | 1 |  1.1
Dodging        | 2 |  2.0
Fighting       | |  1.8
Unarmed Combat | |  3.8
Spellcasting   | |  2.3
Transmutations | |  2.4

Action                   |  1- 3 |  4- 6 || total
-------------------------+-------+-------++-------
Melee: Unarmed           |   182 |    79 ||   261
       Headbutt          |    29 |    16 ||    45
       Punch             |     2 |     1 ||     3
 Cast: Beastly Appendage |    41 |    17 ||    58
Invok: Bend Time         |       |     1 ||     1
 Abil: Spit Poison       |       |     2 ||     2
 Stab: Sleeping          |     3 |       ||     3
  Eat: Chunk             |     4 |     3 ||     7
Armor: Robe              |    51 |     9 ||    60
Dodge: Dodged            |   110 |    34 ||   144
